 Dungeon Crawl Stone Soup version 0.31-a0-845-g9abc20d24f (webtiles) character file.

Game seed: 14975378229511166750

623 arthad the Chopper (level 7, -4/82 HPs)
             Began as a Human Berserker on Oct 1, 2023.
             Was a Believer of Trog.
             Slain by Pikel
             ... wielding a +1 whip of electrocution
              (14 damage)
             ... on level 5 of the Dungeon.
             The game lasted 00:07:44 (3535 turns).

arthad the Chopper (Human Berserker)                Turns: 3535, Time: 00:07:45

Health: -4/82      AC:  5    Str: 19    XL:     7   Next: 75%
Magic:  7/7        EV: 23    Int:  8    God:    Trog [**....]
Gold:   199        SH:  0    Dex: 12    Spells: 6/6 levels left

rFire   . . .        a - +0 hand axe
rCold   . . .        (no shield)
rNeg    . . .        b - +0 animal skin
rPois   .            (no helmet)
rElec   .            u - +0 cloak
rCorr   .            h - +0 pair of gloves
SInv    .            o - +0 pair of boots
Will    .....        (no amulet) Stlth
                     k - +5 ring of evasion
HPRegen 0.33/turn    m - +5 ring of evasion
MPRegen 0.10/turn

%: no passive effects
@: berserking (expiring), very quick
A: no striking features
a: Renounce Religion, Berserk, Trog's Hand


You were on level 5 of the Dungeon.
You worshipped Trog.
Trog was pleased with you.
You visited 1 branch of the dungeon, and saw 5 of its levels.

You collected 199 gold pieces.

Inventory:

Hand Weapons
 a - a +0 hand axe (weapon)
Missiles
 i - 3 boomerangs (quivered)
 t - 8 poisoned darts
Armour
 b - a +0 animal skin (worn)
 h - a +0 pair of gloves (worn)
 o - a +0 pair of boots (worn)
 u - a +0 cloak (worn)
Jewellery
 d - a ring of fire
 k - a +5 ring of evasion (left hand)
 m - a +5 ring of evasion (right hand)
 A - a +5 ring of evasion
Wands
 q - a wand of charming (6)
Scrolls
 e - 3 scrolls of identify {unknown}
 g - a scroll of amnesia {unknown}
 j - a scroll of immolation {unknown}
 l - 4 scrolls of teleportation {unknown}
 x - a scroll of fear {unknown}
 y - a scroll of noise {unknown}
 z - a scroll of enchant armour {unknown}
Potions
 c - a potion of berserk rage
 f - 2 potions of brilliance {unknown}
 n - a potion of resistance {unknown}
 p - a potion of might {unknown}
 r - 2 potions of enlightenment {unknown}
 s - a potion of curing {unknown}
 v - 2 potions of haste {unknown}
 w - a potion of heal wounds {unknown}


   Skills:
 * Level 4.4 Fighting
 * Level 4.5 Axes
 + Level 2.0 Throwing
 * Level 3.9 Armour
 * Level 3.9 Dodging
 + Level 2.0 Stealth
 + Level 1.6 Evocations


You had 6 spell levels left.
You didn't know any spells.
Your spell library contained the following spells:

 Spells                   Type           Power      Damage    Failure   Level
 Cigotuvi's Dreadful Rot  Necr/Pois/Air  0%         N/A       54%         2
 Dazzling Flash           Conj/Hex       0%         N/A       78%         3
 Ignite Poison            Fire/Tmut/Pois 0%         N/A       78%         3
 Volatile Blastmotes      Fire/Tloc      0%         2d10      78%         3
 Freezing Cloud           Conj/Ice/Air   0%         6-21      100%        5
 Starburst                Conj/Fire      0%         6d3       100%        6
 Maxwell's Capacitive Co  Air            0%         ∞         100%        8


Dungeon Overview and Level Annotations

Branches:
Dungeon (5/15)
 Temple: D:4-7

Altars:

Annotations:
D:5 Pikel


Message History

You hit Pikel but do no damage.
Pikel hits you with a +1 whip of electrocution.
You are electrocuted!
You barely miss Pikel. Pikel completely misses you.
You slash Pikel!
Pikel is moderately wounded.
You closely miss Pikel.
Pikel is moderately wounded.
Pikel closely misses you.
You closely miss Pikel.
Pikel is moderately wounded.
Pikel closely misses you.
You slash Pikel!
Pikel is heavily wounded.
Pikel closely misses you.
You barely miss Pikel.
Pikel is heavily wounded.
You hit Pikel.
Pikel is heavily wounded.
Pikel completely misses you.
You miss Pikel.
Pikel is heavily wounded.
Pikel hits you with a +1 whip of electrocution!
You are electrocuted!
You barely miss Pikel.
Pikel is heavily wounded.
Pikel hits you with a +1 whip of electrocution!
* * * LOW HITPOINT WARNING * * *
You hit Pikel.
Pikel is severely wounded.
You slash Pikel!
Pikel is almost dead.
Pikel barely misses you.
You barely miss Pikel.
Pikel is almost dead.
Pikel hits you with a +1 whip of electrocution!
* * * LOW HITPOINT WARNING * * *
You are electrocuted!
You die...
Pikel says, "See you in Hell!"

#.....#..#
#...##...#.#
#........#.##
#....#.......
#.#....#.#.
#.###..#.#.###
#.# #........[
#.###5.#.#.###
#..@K5.......
#.###5...####
# .....#
......#
####.....
#.#.##. .#.# #
##$#


You could see Pikel and 3 lemures.

Vanquished Creatures
  Sigmund (D:4)
  Eustachio (D:4)
  An ogre (D:5)
  A gnoll bouda (D:4)
  A jelly (D:4)
  A hound (D:5)
  5 gnolls (D:4)
  2 adders
  An ufetubus (D:4)
  4 dart slugs
  10 orcs
  4 bats
  4 endoplasms
  5 giant cockroaches
  6 goblins
  3 hobgoblins
  5 kobolds
  4 quokkas
  10 ball pythons
  6 rats
75 creatures vanquished.

Notes
Turn   | Place    | Note
-------+----------+-------------------------------------------
     0 | D:1      | arthad the Human Berserker began the quest for the Orb.
     0 | D:1      | Reached XP level 1. HP: 18/18 MP: 1/1
   121 | D:1      | Found a faded altar of an unknown god.
   152 | D:1      | Reached XP level 2. HP: 24/24 MP: 2/2
   445 | D:1      | Reached XP level 3. HP: 26/29 MP: 3/3
  1761 | D:3      | Reached XP level 4. HP: 35/35 MP: 4/4
  1767 | D:3      | Reached ** piety under Trog
  2217 | D:4      | Noticed Eustachio
  2266 | D:4      | Killed Eustachio
  2267 | D:4      | Reached skill level 1 in Throwing
  2267 | D:4      | Reached skill level 1 in Stealth
  2267 | D:4      | Reached XP level 5. HP: 14/42 MP: 5/5
  2267 | D:4      | Reached XP level 6. HP: 16/48 MP: 6/6
  2446 | D:4      | Reached skill level 1 in Evocations
  2819 | D:4      | Noticed Sigmund
  2843 | D:4      | Killed Sigmund
  2844 | D:4      | Reached XP level 7. HP: 54/54 MP: 7/7
  3199 | D:5      | Entered Level 5 of the Dungeon
  3512 | D:5      | Noticed Pikel
  3535 | D:5      | Slain by Pikel

Illustrated notes

Levels and vault maps discovered:
D:1:      saegor_arrival_simple_d, layout_basic,
          hellmonk_ecumenical_altar_inner_sanctum
D:2:      layout_basic
D:3:      layout_rooms
D:4:      layout_loops_ring, uniq_sigmund, uniq_eustachio
D:5:      minmay_recursive_quarters, layout_basic,
          nicolae_kite_square_tiling_tiny, uniq_pikel

Skill      XL: |  1  2  3  4  5  6  7 |
---------------+----------------------+-----
Throwing       | 1 2 |  2.0
Armour         | 3 |  3.9
Dodging        | 3 |  3.9
Stealth        | 1 2 |  2.0
Axes           | 4 |  4.5
Evocations     | 1 |  1.6
Fighting       | 4 |  4.4

Action                     |  1- 3 |  4- 6 |  7- 9 || total
---------------------------+-------+-------+-------++-------
  Melee: Hand axe          |    96 |   156 |    57 ||   309
         Punch             |     1 |       |       ||     1
  Throw: Boomerang         |     3 |       |     6 ||     9
 Invoke: Trog's Hand       |       |     3 |       ||     3
         Berserk           |       |     2 |     1 ||     3
    Use: Potion            |       |     1 |       ||     1
   Stab: Sleeping          |     3 |     2 |     3 ||     8
         Distracted        |       |     1 |       ||     1
 Armour: Animal skin       |    28 |    60 |    10 ||    98
  Dodge: Dodged            |    74 |   205 |    45 ||   324

Table legend: (Time is in decaauts)
 A = Elapsed time spent in this place.
 B = Non-inter-level travel time spent in this place.
 C = Inter-level travel time spent in this place.
 D = Time resting spent in this place.
 E = Time spent auto-exploring this place.
 F = Levels seen in this place.
 G = Mean time per level.
                   A        B        C        D        E       F      G
               +--------+--------+--------+--------+--------+-----+--------+
         Total |   3595 |   3503 |     92 |      9 |   2786 |   5 |  719.0 |
       Dungeon |   3595 |   3503 |     92 |      9 |   2786 |   5 |  719.0 |
               +--------+--------+--------+--------+--------+-----+--------+

Top non-repeatable levels by time:
     D:4: 1073 daAuts
     D:1: 1010 daAuts
     D:2: 697 daAuts
     D:3: 477 daAuts
     D:5: 336 daAuts
